[Event "Late-Titled-Tuesday-Blitz-September-26-2023"]
[Site "Chess.com"]
[Date "2023.09.26"]
[Round "4"]
[White "Dubs123"]
[Black "ritanovikova"]
[Result "1-0"]
[WhiteElo "2358"]
[BlackElo "2160"]
[TimeControl "180+1"]
[EndTime "14:39:22 PDT"]
[Termination "Dubs123 won on time"]

1. d4 e5 2. dxe5 Nc6 3. Nf3 Qe7 4. Bf4 Qb4+ 5. Bd2 Qxb2 6. Nc3 Bb4 7. Rb1 Qa3 8. Rb3 Qa5 9. a3 Bxc3 10. Bxc3 Qa4 11. e6 f6 12. e3 dxe6 13. Bb5 Qe4 14. O-O Ne7 15. Nd2 Qg6 16. Bd3 Qf7 17. f4 O-O 18.
Qf3 Nd5 19. Ba1 Qe7 20. e4 Nb6 21. Qh5 g6 22. Qh6 Qc5+ 23. Kh1 e5 24. Rc3 Qe7 25. f5 Qg7 26. Qe3 g5 27. Nc4 Nxc4 28. Bxc4+ Kh8 29. Bd5 Bd7 30. Rd1 Rad8 31. Rcd3 Be8 32. Bc3 Bf7 33. Bxc6 Rxd3 34. Rxd3 bxc6 35. Qxa7 Bc4 36.
Rd1 Qe7 37. Bb4 Rd8 38. Re1 Qd7 39. Qc5 Bb5 40. Qe7 c5 41. Qxc5 c6 42. h4 Qg7 43.
Qf2 Qh6 44. Kg1 Qxh4 45. Be7 Qxf2+ 46. Kxf2 Rd2+ 47. Ke3 Rxc2 48. Bxf6+ Kg8 49. Bxe5 Kf7 50. Rd1 c5 51. Rd5 Ra2 52. Rxc5 Rxa3+ 53. Kd4 Bf1 54.
Rc7+ Kg8 55. f6 Rd3+ 56. Kc5 Rd8 57. Rg7+ Kf8 58. Rxh7 Bxg2 59. Rh8+ Kf7 60. Rxd8 g4 61. Kd6 Bxe4 62. Rd7+ Kg6 63. Rg7+ 1-0

[Event "Late-Titled-Tuesday-Blitz-September-26-2023"]
[Site "Chess.com"]
[Date "2023.09.26"]
[Round "4"]
[White "VincentKeymer"]
[Black "Mikhail_Bryakin"]
[Result "1-0"]
[WhiteElo "3049"]
[BlackElo "2844"]
[TimeControl "180+1"]
[EndTime "14:39:23 PDT"]
[Termination "VincentKeymer won by resignation"]

1. a3 h6 2. c4 Nf6 3. Nf3 e6 4. b4 d5 5. e3 Be7 6. Bb2 O-O 7. Nc3 c6 8. Be2 Nbd7 9. O-O e5 10.
cxd5 cxd5 11. Rc1 a6 12. h3 e4 13. Nd4 Ne5 14. Qb3 b5 15. a4 Nc4 16. Rfd1 Nxb2 17. Qxb2 bxa4 18. Nxa4 Qd6 19. Nc6 Bd7 20. Nxe7+ Qxe7 21. Nc5 Bb5 22. Bxb5 axb5 23. Ra1 Nd7 24. d4 Nb6 25.
Rxa8 Rxa8 26. Ra1 Qd8 27. Ra2 Nc4 28. Qa1 Rxa2 29. Qxa2 Qg5 30. Qa8+ Kh7 31. Nd7 h5 32. Qb8 Nd2 33. Qxb5 Nf3+ 34. Kh1 Ne1 35. Qf1 Nd3 36. Nc5 Nxb4 37. Qb5 Nc2 38. Qe2 Na3 39. Nd7 Qf5 40.
Ne5 f6 41. Nc6 Nc4 42. Nb4 Kh6 43. Kg1 h4 44. Na2 Qc8 45. Nc3 Nb6 46. Qb2 Qc4 47.
Kh2 Nd7 48. Qb7 Qxc3 49. Qxd7 Qb2 50. Qf5 Qe2 51. Qf4+ Kg6 52. Qg4+ Qxg4 53. hxg4 f5 54. Kh3 Kg5 55. gxf5 Kh5 56. f3 exf3 57. gxf3 Kg5 58. e4 Kf4 59. e5 Kxf5 60. Kxh4 g6 61.
Kg3 Kg5 62. f4+ Kf5 63. Kf3 g5 64. fxg5 Kxg5 65. Kg3 Kf5 66. Kh4 Ke4 67. e6 Kxd4 68. e7 Kd3 69. e8=Q d4 70. Qe1 Kc2 71. Qe4+ d3 72. Kg3 Kc3 73. Kf2 d2 74. Ke2 d1=Q+ 75. Kxd1 1-0

[Event "Late-Titled-Tuesday-Blitz-September-26-2023"]
[Site "Chess.com"]
[Date "2023.09.26"]
[Round "4"]
[White "Vadim_Biliy"]
[Black "jjbolanos"]
[Result "1/2-1/2"]
[WhiteElo "2306"]
[BlackElo "2107"]
[TimeControl "180+1"]
[EndTime "14:39:35 PDT"]
[Termination "Game drawn - insufficient material"]

1. d4 Nf6 2. Nf3 e6 3. e3 d5 4. c4 Be7 5. Be2 O-O 6. O-O dxc4 7. Bxc4 b6 8. b3 Bb7 9. Bb2 Nbd7 10. Nbd2 c5 11. Qe2 Rc8 12. Rfd1 Qc7 13. Rac1 Qb8 14.
e4 Qa8 15. e5 Nd5 16. g3 a6 17.
a4 Rfd8 18. Bd3 Nb8 19. Ne4 cxd4 20. Nxd4 Nc6 21. Nxc6 Bxc6 22. Bxa6 Rb8 23. Bb5 Bxb5 24. Qxb5 Nc7 25. Qe2 Rxd1+ 26. Rxd1 Nd5 27. Nd6 Rd8 28. Nb5 g6 29. Bd4 Kg7 30. Bxb6 Nxb6 31. Nd6 Qc6 32. Qd2 Nc8 33. Qf4 Nxd6 34. exd6 Rxd6 35. Rxd6 Qxd6 36. Qxd6 Bxd6 37. a5 Bb4 38. a6 Bc5 39. Kf1 Kf6 40.
b4 Ba7 41. f4 Kf5 42. Ke2 Ke4 43. Kd2 Kd4 44. b5 Kc5 45. Kd3 Kxb5 46. Ke4 Bb8 47. a7 Bxa7 48. Ke5 Bg1 49. h3 Bh2 50. g4 Kc4 51. g5 Kc5 52. h4 Kc6 53. Kf6 Bxf4 54. Kxf7 e5 55. Kg7 Bg3 56. Kxh7 Bxh4 57. Kxg6 e4 58. Kf5 e3 59. g6 e2 60. g7 e1=Q 61. g8=Q Qb1+ 62. Kf4 Qb4+ 63. Kf3 Qc3+ 64. Ke2 Qe5+ 65.
Kd3 Bf6 66. Qc4+ Kd6 67. Qb4+ Ke6 68. Qe4 Qxe4+ 69. Kxe4 1/2-1/2

[Event "Late-Titled-Tuesday-Blitz-September-26-2023"]
[Site "Chess.com"]
[Date "2023.09.26"]
[Round "4"]
[White "brunoo2003"]
[Black "korason34"]
[Result "0-1"]
[WhiteElo "2469"]
[BlackElo "2656"]
[TimeControl "180+1"]
[EndTime "14:39:39 PDT"]
[Termination "korason34 won by resignation"]

1. e4 c5 2. Ne2 d6 3. d4 cxd4 4. Nxd4 Nf6 5. Nc3 a6 6. Bd3 e6 7. f4 Nbd7 8. Qf3 Qc7 9. Be3 b5 10. g4 e5 11. Nf5 g6 12. g5 gxf5 13. gxf6 Nxf6 14. fxe5 dxe5 15. exf5 Bb7 16. Ne4 Bb4+ 17. c3 Be7 18. Nxf6+ Bxf6 19. Be4 Bxe4 20. Qxe4 Rd8 21. O-O Rg8+ 22. Kh1 Qc4 23. Qxc4 bxc4 24. Rad1 Rg4 25. Rxd8+ Bxd8 26. Re1 f6 27. Rd1 Re4 28. Bh6 Re2 29. Rd2 Re1+ 30. Kg2 Bc7 31. Bg7 e4 32. Bxf6 e3 33. Rc2 Bf4 34. Bh4 Rd1 35. Re2 Kf7 36. Kf3 Bh6 37. Be1 Rd3 38. Bh4 Rd1 39. Bg3 Kf6 40.
Ke4 Rd7 41. Be5+ Kf7 42. Bd4 Re7+ 43. Kf3 Rd7 44. Bxe3 Rd3 45. Ke4 Bf8 46. Bd4 Rh3 47.
Kd5 Rf3 48. Kxc4 Rxf5 49. b4 Rh5 50. a4 Bd6 51. b5 axb5+ 52. axb5 Bxh2 53. b6 Bd6 54. Rf2+ Ke7 55. Rb2 Kd7 56. Ra2 Kc6 57. Ra8 Rh1 58.
Rc8+ Kb7 59. Rd8 Bb8 60. Kd5 Rh5+ 61. Kc4 Rh1 62. Rd7+ Ka6 63. Rf7 h5 64. Kd5 h4 65.
Rh7 h3 66. Kc6 h2 67. c4 Rc1 68. Rh3 Rxc4+ 69. Bc5 Ra4 70. b7 Ra1 71. Bd4 h1=Q+ 72. Rxh1 Rxh1 0-1

[Event "Late-Titled-Tuesday-Blitz-September-26-2023"]
[Site "Chess.com"]
[Date "2023.09.26"]
[Round "4"]
[White "Gameking51"]
[Black "Defenstrator"]
[Result "1-0"]
[WhiteElo "2602"]
[BlackElo "2371"]
[TimeControl "180+1"]
[EndTime "14:39:42 PDT"]
[Termination "Gameking51 won by resignation"]

1. e4 e5 2. Nf3 Nc6 3. Bc4 Na5 4. Be2 Nf6 5. Nc3 Nc6 6. O-O Bb4 7. d4 exd4 8. Nxd4 Bxc3 9. bxc3 Nxe4 10. Ba3 d6 11.
Bb5 O-O 12. Nxc6 bxc6 13. Bxc6 Bf5 14. Qf3 Nd2 15. Qxf5 Nxf1 16. Rxf1 Rb8 17. g3 Rb6 18. Be4 g6 19. Qf4 Qc8 20. c4 Qa6 21. Bc1 Qxc4 22. Bd3 Qxf4 23. Bxf4 Re8 24. a4 Rb2 25. a5 Ra2 26. a6 Rb8 27. Be3 c5 28. Bf4 Rb6 29.
Re1 Kg7 30. Re7 d5 31. Be5+ Kf8 32. Rxa7 c4 33. Bf1 Raxa6 34. Rd7 Re6 35. f4 f6 36.
Bd4 Re1 37. Kf2 Rd1 38. c3 Ra2+ 39. Be2 Rdd2 40. Bc5+ Ke8 41. Re7+ Kd8 42. Re3 Rac2 43. Bd4 f5 44. Kf3 Kd7 45. h3 Rc1 46. g4 fxg4+ 47.
hxg4 Kd6 48. Re8 Ra2 49. Rd8+ Ke7 50. Rxd5 Rcc2 51. Re5+ Kf7 52. Bxc4+ Kf8 53. Bxa2 Rxa2 54. f5 gxf5 55. gxf5 Ra1 56. Ke4 Kf7 57. Rb5 h5 58. Rb7+ Kf8 59. Ke5 Ra6 60. Bc5+ Kg8 61. f6 Rc6 62.
f7+ Kh7 63. f8=Q+ Kg6 64. Rg7+ 1-0

[Event "Late-Titled-Tuesday-Blitz-September-26-2023"]
[Site "Chess.com"]
[Date "2023.09.26"]
[Round "4"]
[White "ZuraTqebuchava"]
[Black "McCarthyStone"]
[Result "1/2-1/2"]
[WhiteElo "2242"]
[BlackElo "2399"]
[TimeControl "180+1"]
[EndTime "14:39:51 PDT"]
[Termination "Game drawn - insufficient material"]

1. e4 e5 2. Nf3 d6 3. c3 Nf6 4. d3 g6 5. h3 Bg7 6. Bg5 O-O 7. Bxf6 Qxf6 8. Be2 c6 9. O-O d5 10.
Nbd2 Re8 11. Qa4 Nd7 12. Rfe1 Nc5 13. Qc2 Ne6 14. Bf1 Nf4 15. exd5 cxd5 16. c4 Bf5 17. cxd5 Nxd5 18. Ne4 Qb6 19. Qc5 Rad8 20. Qxb6 Nxb6 21. Nc5 Bc8 22. Rac1 Nd7 23. Ne4 Nf6 24.
Rxc8 Rxc8 25. Nd6 Nd7 26. Nxe8 Rxe8 27. Rc1 Bf8 28. Rc7 Nc5 29. b4 Na6 30. Rxb7 Nxb4 31. a4 a6 32. Ng5 f6 33. Nxh7 Be7 34. Nxf6+ Bxf6 35. Rxb4 Rd8 36. Rb6 Kg7 37. Rxa6 Rb8 38. g3 Rb2 39. Ra7+ Kh6 40. a5 e4 41. a6 exd3 42.
Bxd3 Rxf2 43. Kxf2 Bd4+ 44. Kf3 Bxa7 45. Be4 Kg5 46.
Bd5 Kf6 47. Bb7 g5 48. Kg4 Kg6 49. h4 gxh4 50. gxh4 Kh6 51. h5 Kg7 52. Kg5 Kh8 53. Kg6 Bb8 54. h6 Ba7 55. h7 Bb8 56. Kh6 Ba7 57. Be4 Bb8 58. Kh5 Ba7 59.
Kg4 Bb8 60. Kf5 Ba7 61. Ke6 Bg1 62. Kd7 Bf2 63. Kc7 Bg3+ 64. Kb7 Bf2 65. Kc6 Ba7 66. Kb7 Bg1 67. Kc6 Bf2 68. Kb7 Bg1 69.
a7 Bxa7 70. Kxa7 Kg7 71. Kb7 Kh8 72. Kc6 Kg7 73. Kd7 Kh8 74. Ke6 Kg7 75. Kf5 Kh8 76.
Kg5 Kg7 77. Kh5 Kh8 78. Bg6 Kg7 79. Kg5 Kh8 80. Bf7 Kxh7 1/2-1/2

[Event "Late-Titled-Tuesday-Blitz-September-26-2023"]
[Site "Chess.com"]
[Date "2023.09.26"]
[Round "4"]
[White "Angry_Twin"]
[Black "rychessmaster1"]
[Result "1-0"]
[WhiteElo "2950"]
[BlackElo "2724"]
[TimeControl "180+1"]
[EndTime "14:39:56 PDT"]
[Termination "Angry_Twin won on time"]

1. e4 e5 2. Nf3 Nc6 3. Bc4 Bc5 4. O-O Nf6 5. d3 d6 6. c3 a6 7. a4 h6 8. Nbd2 Ba7 9. Re1 O-O 10. h3 Re8 11. b4 Be6 12. Bxe6 Rxe6 13. Qc2 d5 14. b5 dxe4 15. bxc6 exf3 16. cxb7 Rb8 17. Nxf3 Qd5 18. Rb1 e4 19. dxe4 Rxe4 20. Rd1 Qc6 21. Qb3 Qxa4 22. Qxa4 Rxa4 23. Ne5 Bb6 24. c4 Ne4 25. Be3 Nc3 26. Bxb6 cxb6 27. Ra1 Rxa1 28. Rxa1 Rxb7 29.
Rxa6 f6 30. Nc6 Ne4 31. Nd8 Rb8 32. Nc6 Rb7 33. Nb4 Nd2 34. Ra8+ Kh7 35. Rc8 Rd7 36. Nd5 b5 37. Nb6 Rb7 38. c5 b4 39. Rd8 Ne4 40. c6 Rc7 41. Nd7 Rxc6 42. Nf8+ Kg8 43.
Rb8 Kf7 44. Nd7 Rc1+ 45. Kh2 Nxf2 46. Rxb4 Nd3 47. Rb7 Ke6 48. Nf8+ Kf5 49. Rxg7 Nf4 50.
g4+ Ke4 51. Ng6 Rc2+ 52. Kg1 Nxh3+ 53. Kf1 Ke3 54. Nh4 Nf4 55. Nf5+ Kf3 56. Nd4+ Kg3 57. Nxc2 Nd5 58. Nd4 Kf4 59. Ne6+ Ke5 60. Nf8 Ne3+ 61. Kf2 Nd1+ 62. Kf3 Nc3 63. Ng6+ Ke6 64. Re7+ Kd6 65. Re3 Nb5 66. Nf4 Nd4+ 67. Ke4 Nc6 68. Rd3+ Ke7 69. Kf5 Kf7 70. Rd7+ Ne7+ 71. Ke4 Ke8 72. Ra7 Kf8 73. Nd5 Ng6 74. Nxf6 Ne7 75. Nh7+ Ke8 76. g5 hxg5 77. Nxg5 Nc6 78. Rc7 Nd8 79. Ke5 Kf8 80. Kf6 Ke8 81. Rh7 Nc6 82. Ne6 1-0

[Event "Late-Titled-Tuesday-Blitz-September-26-2023"]
[Site "Chess.com"]
[Date "2023.09.26"]
[Round "4"]
[White "Mops_2004"]
[Black "Likvidator228"]
[Result "0-1"]
[WhiteElo "2773"]
[BlackElo "2549"]
[TimeControl "180+1"]
[EndTime "14:40:07 PDT"]
[Termination "Likvidator228 won on time"]

1. g3 d5 2. Nf3 Nf6 3. Bg2 Bf5 4. O-O e6 5. c4 c6 6. Qb3 Qb6 7. d3 Nbd7 8. cxd5 cxd5 9. Qxb6 axb6 10. Nc3 Be7 11.
Nh4 Bg4 12. h3 Bh5 13. g4 Bg6 14. Nxg6 hxg6 15. Bd2 O-O 16. Nb5 Rfc8 17. Bc3 Rc5 18. a4 Kf8 19. Rfc1 Ne8 20. b3 Nd6 21. Nxd6 Bxd6 22.
d4 Rc7 23. Bd2 Rac8 24. e3 Nf6 25. Rxc7 Rxc7 26. Rc1 Rxc1+ 27. Bxc1 Bb4 28. Kf1 Ke7 29. Ke2 Ne4 30. f3 Nf6 31. Kd3 Ne8 32. e4 Nc7 33. Bf4 Bd6 34. Bg5+ f6 35. Bd2 g5 36. Be1 Kd7 37. h4 gxh4 38. Bxh4 g5 39. Be1 Kc6 40.
Bf1 b5 41. Kc2 bxa4 42. bxa4 b6 43. Bc3 Bf4 44. Bd3 Bd6 45. Kd2 Bf4+ 46. Ke2 Bd6 47. e5 Be7 48. Ke3 Kd7 49. f4 Ke8 50. Kf3 Kf7 51. Bd2 gxf4 52. Bxf4 Ne8 53. Bb5 Bd8 54. Ke3 Ng7 55. Bd3 Ne8 56. exf6 Nxf6 57. Kf3 Nd7 58.
g5 Nf8 59. Kg4 Ng6 60. Be3 Kg7 61. Bf2 Bc7 62. Be1 Bd6 63. Bd2 Ne7 64. a5 bxa5 65. Bxa5 Ng6 66. Bc3 Ne7 67. Bd2 Ng6 68. Be3 Ne7 69. Kh5 Nf5 70. Bf2 Ne7 71. Kg4 Ng6 72.
Bb5 Ne7 73. Bd7 Kf7 74. Ba4 Nf5 75. Bc2 Kg6 76. Bd3 Bf8 77. Bb5 Bg7 78. Be8+ Kh7 79.
Kh5 Bxd4 80. Be1 Ng7+ 81. Kg4 Nxe8 0-1

[Event "Late-Titled-Tuesday-Blitz-September-26-2023"]
[Site "Chess.com"]
[Date "2023.09.26"]
[Round "4"]
[White "OparinGrigoriy"]
[Black "Byniolus"]
[Result "1-0"]
[WhiteElo "2979"]
[BlackElo "2787"]
[TimeControl "180+1"]
[EndTime "14:40:11 PDT"]
[Termination "OparinGrigoriy won by resignation"]

1. Nf3 d5 2. g3 Nf6 3. Bg2 Bf5 4.
c4 c6 5. Qb3 Qb6 6. d3 e6 7.
Be3 Qxb3 8. axb3 a6 9. Bd4 Nbd7 10. O-O Bd6 11. Bc3 O-O 12. Nbd2 h6 13. b4 e5 14. Nb3 e4 15. dxe4 Bxe4 16. Na5 Rab8 17. Rfd1 Rfe8 18. Nd4 Ne5 19. Bxe4 Nxe4 20. cxd5 cxd5 21.
Nf5 Bf8 22. Rxd5 Nc6 23. Nxc6 bxc6 24. Rd3 Nxc3 25. bxc3 c5 26. e3 cxb4 27. cxb4 Re6 28. Nd4 Rf6 29. Rda3 Rbb6 30. Nc2 Rfc6 31. R1a2 g6 32.
Ra4 Kg7 33. Kg2 h5 34. h3 h4 35. g4 Rc4 36. Nd4 Rcxb4 37. Rxa6 Rxa6 38. Rxa6 Bc5 39. Nf3 Rb2 40. Kf1 Rb1+ 41. Kg2 Rb2 42. Ra1 Bxe3 43. Rf1 g5 44. Ng1 Bf4 45. Re1 Bg3 46. Ne2 Be5 47. Kf1 Bf6 48. Rd1 Rb3 49. Kg2 Rb2 50. Ng1 Be5 51. Nf3 Bf4 52. Rd3 Ra2 53. Nd4 Kg6 54.
Nf5 Ra4 55. Kf3 Ra1 56. Rb3 Rh1 57. Kg2 Rc1 58. Rb6+ Kh7 59. Rh6+ Kg8 60. Ra6 Kh7 61. Ra7 Kg6 62. Ra8 Kh7 63. Rf8 Rc7 64. Kf3 Rb7 65.
Ke4 Rb3 66. Rxf7+ Kg6 67. Ra7 Rxh3 68. Ra6+ Kf7 69. Nh6+ Ke8 70. Ng8 Kd7 71. Nf6+ Kc7 72. Nd5+ Kb7 73. Rh6 Bc1 74. Rb6+ Ka7 75. Rc6 Bd2 76.
Rc2 Bf4 77. Nxf4 gxf4 78. Kxf4 Rh1 79. f3 Kb6 80. g5 h3 81. Kf5 Rf1 82. f4 Rf3 83.
Kg4 Rd3 84. Rh2 Kc6 85. Rxh3 Rd1 86. Rh6+ Kd7 87. Rf6 Ke7 88. Kf5 Rd5+ 89. Kg6 Rd1 90. f5 Rh1 91. Rf7+ Ke8 92. f6 1-0

[Event "Late-Titled-Tuesday-Blitz-September-26-2023"]
[Site "Chess.com"]
[Date "2023.09.26"]
[Round "4"]
[White "Misticpikachu"]
[Black "egnfanclub"]
[Result "1/2-1/2"]
[WhiteElo "2556"]
[BlackElo "2398"]
[TimeControl "180+1"]
[EndTime "14:40:21 PDT"]
[Termination "Game drawn by 50-move rule"]

1. c4 c5 2. Nf3 Nf6 3. Nc3 d5 4.
cxd5 Nxd5 5. g3 Nc6 6. Bg2 Nc7 7.
O-O e5 8. a3 Rb8 9. e3 Be7 10.
d4 exd4 11. exd4 cxd4 12. Ne2 d3 13. Nf4 Bf5 14. Ne1 O-O 15. Nfxd3 Nd4 16. Be3 Nce6 17. Nf4 Bf6 18. Nxe6 Bxe6 19. Nf3 Bb3 20. Qd2 Nxf3+ 21.
Bxf3 Qxd2 22. Bxd2 b6 23. Bf4 Rbd8 24. Rac1 a5 25.
Rc6 b5 26. Bc7 Bd5 27. Bxd8 Bxc6 28. Bxc6 Rxd8 29. Bxb5 Bxb2 30. a4 Bc3 31. Rc1 Bb4 32.
Rc7 Rf8 33. Kg2 g6 34. Bc4 Kg7 35. Rb7 h5 36. f4 Bc3 37. Kf3 Bb4 38. h3 Kf6 39. g4 hxg4+ 40. hxg4 Kg7 41. Rc7 g5 42. fxg5 Kg6 43. Bd5 Kxg5 44. Bxf7 Rd8 45. Bc4 Rf8+ 46. Ke4 Kxg4 47. Rg7+ Kh5 48. Rg2 Re8+ 49. Kf5 Rf8+ 50. Ke6 Rf4 51. Bb5 Kh4 52. Rg8 Rg4 53. Rc8 Rg6+ 54.
Kf5 Rg5+ 55. Kf4 Rg4+ 56. Kf3 Rg3+ 57. Kf2 Rg5 58. Rh8+ Kg4 59. Bd7+ Kf4 60. Rh4+ Ke5 61. Bb5 Kd6 62. Rh7 Kc5 63. Rd7 Re5 64. Kf3 Re1 65.
Rh7 Kd4 66. Kg2 Kc3 67. Rc7+ Kb3 68. Kf2 Ka3 69. Rc2 Ra1 70. Ke2 Ra2 71. Kd3 Rxc2 72. Kxc2 Ka2 73. Bc6 Ka3 74. Bb5 Ka2 75. Bc4+ Ka3 76.
Bb3 Bd6 77. Kc3 Bb4+ 78. Kc4 Bd6 79. Bd1 Bb4 80. Kb5 Bc3 81. Be2 Bd2 82. Bf3 Be1 83.
Bd5 Bd2 84. Bc6 Be1 85. Bb7 Bd2 86. Bc8 Be1 87. Bd7 Bd2 88. Be6 Be1 89. Bf7 Bd2 90.
Bg8 Be1 91. Bf7 Bd2 92. Be8 Be1 93. Kc4 Bd2 94. Kd3 Be1 95. Ke2 Bb4 96. Bd7 Kb3 97.
Bc6 Kc4 98. Bb5+ Kc5 99. Kd3 Ba3 100. Ke4 Bb4 101. Kd3 Ba3 102. Ke2 Bb4 103. Be8 Ba3 104. Kf3 Bb4 105. Kf4 Ba3 106. Kf5 Bb4 107. Kg6 Bc3 108. Kh5 Kb4 109. Kg4 Bd4 110. Kg3 Bc5 111. Kf3 Bb6 112. Ke4 Bc5 113. Kd5 Bb6 114. Kc6 Bd8 115. Kb7 Bf6 116. Kc8 Bc3 117. Bd7 Bb2 118. Bc6 Bc3 119. Kd7 Bb2 120. Ke6 Bc3 121. Kf5 Bb2 122. Ke4 1/2-1/2

[Event "Late-Titled-Tuesday-Blitz-September-26-2023"]
[Site "Chess.com"]
[Date "2023.09.26"]
[Round "4"]
[White "Garmendiarov"]
[Black "ErikRonka"]
[Result "1/2-1/2"]
[WhiteElo "2315"]
[BlackElo "2487"]
[TimeControl "180+1"]
[EndTime "14:40:34 PDT"]
[Termination "Game drawn by 50-move rule"]

1. e4 c6 2. d4 d5 3. e5 Bf5 4.
h4 h5 5. Bd3 Bxd3 6. Qxd3 e6 7.
Nf3 c5 8. dxc5 Qa5+ 9. c3 Qxc5 10. Be3 Qc7 11. Nbd2 Nc6 12. Bf4 Nge7 13. O-O Nf5 14. Rfe1 Be7 15. g3 O-O 16. Rad1 Rfd8 17. Nb3 Rac8 18.
Nbd4 Nfxd4 19. Nxd4 Nxd4 20. cxd4 Qc2 21. Qf3 g6 22. Rd2 Qf5 23. Qb3 Rc7 24. Be3 Rdc8 25. Red1 Qg4 26. Kh2 b6 27. Qd3 Bb4 28. Re2 Qf3 29.
Bf4 Qxd3 30. Rxd3 Rc2 31. Rde3 Bd2 32. Rd3 Bxf4 33. Rxc2 Rxc2 34. gxf4 Rxf2+ 35. Kg3 Rxb2 36. Ra3 a5 37. Kf3 Kf8 38. f5 exf5 39. Kf4 Ke7 40. Kg5 Ke6 41. Kh6 Rd2 42. Ra4 b5 43.
Rxa5 Rxd4 44. Rxb5 Kxe5 45. Rb7 Rxh4 46. Rxf7 Ra4 47.
Kxg6 h4 48. Rxf5+ Ke4 49. Rh5 Ke3 50. Rxd5 Rxa2 51. Rh5 Rh2 52. Kg5 Kf3 53. Rxh4 Rg2+ 54. Kf5 Ra2 55. Rh3+ Kg2 56. Rb3 Ra5+ 57. Kg4 Kf2 58.
Rb2+ Ke3 59. Rb3+ Kd4 60. Rf3 Rc5 61. Rf4+ Ke3 62. Rf3+ Ke2 63. Rf4 Rc7 64. Rf5 Rc8 65. Kf4 Kf2 66. Re5 Rf8+ 67. Rf5 Rd8 68. Re5 Kg2 69.
Rg5+ Kf2 70. Rf5 Ra8 71. Re5 Ra3 72. Re4 Kg2 73. Rd4 Rf3+ 74. Kg4 Rg3+ 75. Kf5 Rb3 76. Rg4+ Kf3 77. Rf4+ Ke3 78. Re4+ Kd3 79. Rg4 Rb5+ 80.
Kg6 Rb6+ 81. Kg5 Ke3 82. Kh4 Rb8 83. Kg5 Kf3 84. Rf4+ Ke3 85. Rf7 Rg8+ 86. Kf5 Kd4 87. Rd7+ Kc5 88. Ke5 Rh8 89. Rc7+ Kb6 90. Rc1 Rh5+ 91.
Kd4 Kb5 92. Rb1+ Kc6 93. Rc1+ Kd6 94. Rb1 Rh4+ 95. Ke3 Kd5 96. Rb5+ Kc4 97. Rf5 Rh3+ 98. Kf2 Rh7 99. Rf4+ Kd5 100. Rf3 Ke4 101. Re3+ Kd4 102. Rg3 Ra7 103. Rg4+ 1/2-1/2

[Event "Late-Titled-Tuesday-Blitz-September-26-2023"]
[Site "Chess.com"]
[Date "2023.09.26"]
[Round "4"]
[White "dropstoneDP"]
[Black "platy3"]
[Result "1-0"]
[WhiteElo "3114"]
[BlackElo "2879"]
[TimeControl "180+1"]
[EndTime "14:41:25 PDT"]
[Termination "dropstoneDP won by checkmate"]

1. e4 e5 2. Nf3 Nc6 3. Bb5 a6 4. Ba4 Nf6 5. O-O Be7 6. Re1 b5 7. Bb3 d6 8. c3 O-O 9. h3 Na5 10. Bc2 c5 11. d4 Qc7 12. d5 Bd7 13. b3 Nb7 14. Nbd2 Rfb8 15. Nf1 a5 16. Be3 c4 17. bxc4 Qxc4 18. Bd2 Qc7 19. Ng3 Nc5 20. Nh4 g6 21. Nf3 Ne8 22. Nh2 h5 23. f4 exf4 24. Bxf4 Ng7 25.
Nf3 b4 26. e5 dxe5 27. Nxe5 Bd6 28. Qf3 Re8 29. Nxd7 Qxd7 30. cxb4 axb4 31. Rxe8+ Rxe8 32. Rf1 Bxf4 33. Qxf4 Qxd5 34. Qxb4 Qe5 35. Qf4 Qxf4 36. Rxf4 Re3 37. Rc4 Nge6 38. Ne4 Nd7 39. Bb3 Ne5 40. Rc8+ Kg7 41. Nd6 Nf4 42. Rc7 Re1+ 43. Kh2 Re2 44. Nxf7 Kf6 45. Nxe5 Rxe5 46. Rc6+ Kg5 47. Rc4 Re2 48.
Kg3 Rxg2+ 49. Kf3 Rg1 50. h4+ Kxh4 51. Rxf4+ Kg5 52. Rb4 h4 53. Rb5+ Kh6 54. Be6 Rf1+ 55. Kg2 Re1 56. Bb3 Re3 57. Rc5 g5 58. Rc6+ Kg7 59.
Re6 Rc3 60. Re4 Kf6 61. Rc4 Rd3 62. Rb4 Rd2+ 63. Kf3 Rd3+ 64. Kf2 Rd2+ 65. Ke3 Rg2 66. Rb6+ Ke5 67. Rb5+ Kf6 68. Rb6+ Ke5 69. Rh6 Rg3+ 70. Kf2 Kf4 71. Rf6+ Ke4 72. Bc2+ Ke5 73. Rf5+ Ke6 74. Ra5 Rc3 75. Bf5+ Kf6 76. Bg4 Rg3 77. Be2 Rc3 78.
Ra6+ Ke5 79. Ra5+ Kf4 80. Ra4+ Kf5 81. Rd4 h3 82. Rd3 Rc2 83. Rxh3 Rxa2 84. Rf3+ Ke4 85. Rb3 Kf4 86. Rb4+ Kf5 87. Ke3 Ra3+ 88. Bd3+ Ke5 89.
Rb5+ Kf6 90. Rf5+ Ke6 91. Rxg5 Ra1 92. Rb5 Kf6 93. Kd4 Ke7 94. Ke5 Re1+ 95. Be4 Ke8 96. Rb7 Re2 97. Rh7 Re1 98. Kd5 Kf8 99. Bf5 Re7 100.
Rh2 Kf7 101. Rf2 Kg7 102. Be6 Ra7 103. Kd6 Ra1 104. Bf5 Ra6+ 105. Ke5 Ra5+ 106. Ke6 Ra6+ 107. Ke7 Ra7+ 108. Bd7 Rb7 109. Rg2+ Kh7 110. Rg3 Ra7 111. Rg1 Rb7 112. Ke6 Kh6 113. Kf6 Kh7 114. Rh1+ Kg8 115. Be6+ Kf8 116. Rh8# 1-0

[Event "Late-Titled-Tuesday-Blitz-September-26-2023"]
[Site "Chess.com"]
[Date "2023.09.26"]
[Round "5"]
[White "SpeedofLight0"]
[Black "MITerryble"]
[Result "1/2-1/2"]
[WhiteElo "3055"]
[BlackElo "2941"]
[TimeControl "180+1"]
[EndTime "14:48:53 PDT"]
[Termination "Game drawn by repetition"]

1. e4 e6 2. d4 d5 3. e5 c5 4. c3 Qb6 5. Nf3 Bd7 6. Bd3 cxd4 7.
cxd4 Nc6 8. Be2 Nge7 9. Nc3 Nf5 10.
Na4 Qa5+ 11. Nc3 Qb6 12. Na4 Qa5+ 13. Nc3 Qb6 1/2-1/2

[Event "Late-Titled-Tuesday-Blitz-September-26-2023"]
[Site "Chess.com"]
[Date "2023.09.26"]
[Round "5"]
[White "FERNANDEZL1983"]
[Black "expii"]
[Result "1-0"]
[WhiteElo "2517"]
[BlackElo "2235"]
[TimeControl "180+1"]
[EndTime "14:50:22 PDT"]
[Termination "FERNANDEZL1983 won by resignation"]

1. e4 c5 2. Nf3 d6 3. d4 cxd4 4. Nxd4 Nf6 5. Nc3 g6 6. f4 Nc6 7.
Nf3 Bg7 8. Bd3 O-O 9. O-O Qb6+ 10. Kh1 Bg4 11. Qe1 Bxf3 12. Rxf3 a6 13. Rh3 h5 14. a3 e5 15. f5 Nd4 16. Nd5 Nxd5 17. exd5 Rac8 18.
Be3 gxf5 19. c3 1-0

[Event "Late-Titled-Tuesday-Blitz-September-26-2023"]
[Site "Chess.com"]
[Date "2023.09.26"]
[Round "5"]
[White "ArtemDyachuk"]
[Black "whitemirrorninja"]
[Result "1-0"]
[WhiteElo "2689"]
[BlackElo "2480"]
[TimeControl "180+1"]
[EndTime "14:50:30 PDT"]
[Termination "ArtemDyachuk won by resignation"]

1. e4 c5 2. Nf3 a6 3. c4 Nc6 4. d4 cxd4 5. Nxd4 e5 6. Nf5 Nf6 7. Nc3 d5 8. cxd5 Bxf5 9. exf5 Nd4 10. Bd3 Nxd5 11. O-O Be7 12. Be4 Nxc3 13. bxc3 Nc6 14. Qf3 Qc7 15. Be3 O-O 16. f6 Bxf6 17. Qf5 Rfd8 18.
Qxh7+ Kf8 19. Bc5+ Ke8 20. Qg8+ Kd7 1-0

[Event "Late-Titled-Tuesday-Blitz-September-26-2023"]
[Site "Chess.com"]
[Date "2023.09.26"]
[Round "5"]
[White "DvaHrasta"]
[Black "melissa_guez"]
[Result "1-0"]
[WhiteElo "2513"]
[BlackElo "2169"]
[TimeControl "180+1"]
[EndTime "14:50:43 PDT"]
[Termination "DvaHrasta won by resignation"]

1. c4 c5 2. g3 d5 3. cxd5 Qxd5 4. Nf3 e5 5. Nc3 Qd6 6. Bg2 Nc6 7. O-O Nf6 8. d3 a6 9. Bg5 Be7 10. Rc1 Nd7 11.
Bxe7 Qxe7 12. Nd5 Qd6 13. Nd2 O-O 14. Ne4 Qg6 15. Nxc5 Nxc5 16. Rxc5 Be6 17. Rxc6 1-0

[Event "Late-Titled-Tuesday-Blitz-September-26-2023"]
[Site "Chess.com"]
[Date "2023.09.26"]
[Round "5"]
[White "kleinebeer98"]
[Black "Smiechu"]
[Result "1-0"]
[WhiteElo "2800"]
[BlackElo "2539"]
[TimeControl "180+1"]
[EndTime "14:50:52 PDT"]
[Termination "kleinebeer98 won by checkmate"]

1. e4 c5 2. Nf3 g6 3. d4 cxd4 4. Nxd4 Nc6 5. Nc3 Bg7 6. Nf3 d6 7. h3 Nf6 8. Bc4 O-O 9. O-O Bd7 10. Bg5 Rc8 11. Qe2 a6 12. Rad1 b5 13. Bb3 Qc7 14. Bxf6 exf6 15. Nd5 Qb8 16. c3 Be6 17. Rd2 Rfe8 18. Rfd1 Na5 19. Qd3 Nxb3 20. axb3 f5 21. Ng5 fxe4 22. Qxe4 Bf5 23. Ne7+ Kh8 24. Nxf7# 1-0

[Event "Late-Titled-Tuesday-Blitz-September-26-2023"]
[Site "Chess.com"]
[Date "2023.09.26"]
[Round "5"]
[White "Battever"]
[Black "tdf98pantani"]
[Result "0-1"]
[WhiteElo "2479"]
[BlackElo "2698"]
[TimeControl "180+1"]
[EndTime "14:50:53 PDT"]
[Termination "tdf98pantani won by resignation"]

1. Nf3 b5 2. g3 Bb7 3. Bg2 e6 4. O-O c5 5. d3 Nf6 6. e4 d5 7. e5 Nfd7 8. Re1 Nc6 9. h4 h6 10.
c4 bxc4 11. dxc4 Nb6 12. cxd5 Qxd5 13. Nc3 Qxd1 14. Rxd1 Be7 15. a4 a6 16. Nd2 O-O-O 17. a5 Nd7 18. Nc4 Ndxe5 19. Bf4 Nxc4 20. Rdc1 g5 0-1

[Event "Late-Titled-Tuesday-Blitz-September-26-2023"]
[Site "Chess.com"]
[Date "2023.09.26"]
[Round "5"]
[White "JoshWeinstein"]
[Black "PNEPaul"]
[Result "1-0"]
[WhiteElo "2343"]
[BlackElo "1947"]
[TimeControl "180+1"]
[EndTime "14:51:04 PDT"]
[Termination "JoshWeinstein won by checkmate"]

1. e4 e5 2. Nc3 Nc6 3. f4 Bc5 4. Nf3 d6 5. Na4 Bg4 6. Nxc5 dxc5 7. Bb5 Nf6 8. d3 O-O 9. Bxc6 bxc6 10. h3 Bxf3 11.
Qxf3 exf4 12. Bxf4 Rb8 13. O-O-O Qd4 14. c3 Qa4 15. a3 Rxb2 16. Kxb2 Rb8+ 17. Kc1 Qb3 18. Kd2 Qb2+ 19. Ke3 Qxc3 20. Kf2 Rb2+ 21. Kg3 Nd7 22.
Bxc7 Ne5 23. Qf5 Qc2 24. Qc8# 1-0